 Dungeon Crawl Stone Soup version 0.30-a0-939-gc8157cb160 (webtiles) character file.

Game seed: 10634148345755185706

368 Jackthecabe the Trooper (level 6, -1/49 HPs)
             Began as a Merfolk Fire Elementalist on Mar 26, 2023.
             Slain by an elf skeleton (5 damage)
             ... on level 4 of the Dungeon.
             The game lasted 00:09:37 (4550 turns).

Jackthecabe the Trooper (Merfolk Fire Elementalist) Turns: 4550, Time: 00:09:38

Health: -1/49      AC:  3    Str:  8    XL:     6   Next: 69%
Magic:  0/9        EV: 13    Int: 17    God:
Gold:   95         SH:  0    Dex: 20    Spells: 6/9 levels left

rFire   . . .      SeeInvis .    (no weapon)
rCold   . . .      Faith    .    (no shield)
rNeg    . . .      Spirit   .    a - +0 robe
rPois   .          Reflect  .    r - +0 helmet
rElec   .          Rampage  .    c - scarf {shadows}
rCorr   .                        (no gloves)
Will    .....                    (no boots)
Stlth   ++                       (no amulet)
HPRegen 0.28/turn                D - +6 ring of dexterity
MPRegen 0.11/turn                (no ring)

@: no status effects
A: (nimble swimmer 2), mertail
a: no special abilities


You were on level 4 of the Dungeon.
You visited 1 branch of the dungeon, and saw 4 of its levels.

You collected 95 gold pieces.


Innate Abilities, Weirdness & Mutations

((You are very nimble when in or above water. (Stealth+, EV+, Speed+++)))
Your lower body shifts to a powerful aquatic tail in water.


   Skills:
 + Level 4.5 Fighting
 - Level 2.6 Dodging
 - Level 2.1 Stealth
 - Level 2.0 Spellcasting
 - Level 2.0 Conjurations
 - Level 4.0 Fire Magic


You had 6 spell levels left.
You knew the following spells:

 Your Spells              Type           Power      Damage    Failure   Level
f - Foxfire               Conj/Fire      44%        2x1d6     5%          1
X - Scorch                Fire           30%        2d6       5%          2

Your spell library contained the following spells:

 Spells                   Type           Power      Damage    Failure   Level
 Inner Flame              Hex/Fire       8%         N/A       26%         3
 Kindle Blastsparks       Fire/Tloc/Air  12%        2d11      34%         3
 Flame Wave               Conj/Fire      11%        2d6       50%         4
 Passage of Golubria      Tloc           1%         N/A       88%         4
 Silence                  Hex/Air        0%         N/A       99%         5
 Lehudib's Crystal Spear  Conj/Erth      2%         10d2      100%        8

Inventory:

Armour
 a - a +0 robe (worn)
 c - a scarf of shadows (worn)
 r - a +0 helmet (worn)
Jewellery
 D - a +6 ring of dexterity (left hand)
 L - a ring of flight
Wands
 m - a wand of flame (14)
Scrolls
 d - a scroll of noise {unknown}
 e - a scroll of fog {unknown}
 f - a scroll of poison {unknown}
 g - a scroll of blinking {unknown}
 h - 3 scrolls of immolation {unknown}
 j - a scroll of teleportation {unknown}
 k - a scroll of identify {unknown}
 n - a scroll of magic mapping {unknown}
 o - 2 scrolls of brand weapon {unknown}
 p - a scroll of amnesia {unknown}
Potions
 i - a potion of mutation {unknown}
 l - a potion of lignification
 q - a potion of ambrosia {unknown}
 t - a potion of might {unknown}

Dungeon Overview and Level Annotations

Branches:
Dungeon (4/15)
 Temple: D:4-7

Altars:
Makhleb
Nemelex Xobeh

Shops:
D:4 *

Annotations:
D:2 Sigmund
D:4 Eustachio, Grinder

▒.#.#####' ▒.#..# #..
▒.##+###.. ▒▒▒
▒.#...##.. ▒.+
▒.#.∩.###' ▒.▒ ▒.#... #.
▒.▒ ▒.##'####. #▒Z▒
▒▒▒▒......##. #.@#
#.........##'
..####.#####+##...####..
...............##....+..
..)............ ##..##..
............... #..###.
#######§####### #......
#§#...######.#..#.
#.§.⌠......††#..#.
#..⚑..########..#.


You could see an elf skeleton (combustible).


Message History

The elf skeleton is severely damaged.
The elf skeleton closely misses you.
You hit the elf skeleton.
The elf skeleton is severely damaged.
You hit the elf skeleton but do no damage.
The elf skeleton is severely damaged.
The elf skeleton hits you but does no damage.
You hit the elf skeleton.
The elf skeleton is severely damaged.
The elf skeleton hits you.
* * * LOW HITPOINT WARNING * * *
You hit the elf skeleton.
The elf skeleton is severely damaged.
The elf skeleton barely misses you.
You hit the elf skeleton.
The elf skeleton is almost destroyed.
The elf skeleton hits you!
* * * LOW HITPOINT WARNING * * *
You hit the elf skeleton.
The elf skeleton is almost destroyed.
You hit the elf skeleton.
The elf skeleton is almost destroyed.
The elf skeleton misses you.
Casting: Foxfire (safe; 5% risk of failure)
Confirm with . or Enter, or press ? or * to list all spells.
Flames lash the elf skeleton.
The elf skeleton is almost destroyed.
The elf skeleton's fire resistance burns away.
The elf skeleton hits you.
You die...

Skill      XL: |  1  2  3  4  5  6 |
---------------+-------------------+-----
Conjurations   | 1 2 |  2.0
Fire Magic     | 3 4 |  4.0
Fighting       | 2 4 |  4.5
Dodging        | |  2.6
Stealth        | |  2.1
Spellcasting   | |  2.0

Action                     |  1- 3 |  4- 6 || total
---------------------------+-------+-------++-------
  Melee: Unarmed           |    36 |    56 ||    92
         Punch             |       |     1 ||     1
   Cast: Foxfire           |    76 |    91 ||   167
         Scorch            |     2 |    24 ||    26
  Evoke: Wand              |       |     5 ||     5
    Use: Potion            |       |     3 ||     3
 Armour: Robe              |    14 |    11 ||    25
         Skin              |       |     8 ||     8
  Dodge: Dodged            |    52 |    47 ||    99

Levels and vault maps discovered:
D:1:      dpeg_arrival_houses_and_road, layout_loops_corners,
          skrybe_limestone_x, chequers_serial_rivers_large_a,
          minmay_split_cup_large
D:2:      layout_loops_corners, uniq_sigmund, uniq_crazy_yiuf_cottage,
          uniq_robin
D:3:      layout_basic, bloody_makhleb, minmay_misc_feat_secret_circle,
          kennysheep_boxes
D:4:      layout_basic, tgw_kikubaaqudgha, nemelex_xobeh_ov_fountains_minmay,
          nicolae_ossuary_entry_catacombs, biasface_ghost_orc_armoury,
          guppyfry_shop_venom, uniq_pargi, uniq_grinder, uniq_duvessa,
          uniq_eustachio

Notes
Turn   | Place    | Note
-------+----------+-------------------------------------------
     0 | D:1      | Jackthecabe the Merfolk Fire Elementalist began the quest
                  | for the Orb.
     0 | D:1      | Reached XP level 1. HP: 13/13 MP: 3/3
   109 | D:1      | Reached skill level 1 in Conjurations
   424 | D:1      | Reached XP level 2. HP: 19/19 MP: 1/5
  1454 | D:2      | Reached XP level 3. HP: 24/24 MP: 3/6
  1457 | D:2      | Reached skill level 2 in Conjurations
  1688 | D:1      | Learned a level 2 spell: Scorch
  1694 | D:1      | Reached skill level 3 in Fire Magic
  2194 | D:2      | Noticed Sigmund
  2443 | D:3      | Reached XP level 4. HP: 30/30 MP: 4/7
  2906 | D:3      | Found a burning altar of Makhleb.
  3643 | D:3      | Reached XP level 5. HP: 35/35 MP: 2/8
  4255 | D:4      | Noticed Grinder
  4300 | D:4      | Noticed Eustachio
  4320 | D:4      | Noticed Pargi
  4343 | D:4      | Killed Pargi
  4344 | D:4      | Reached skill level 4 in Fire Magic
  4344 | D:4      | Reached skill level 2 in Fighting
  4344 | D:4      | Reached XP level 6. HP: 37/46 MP: 0/9
  4384 | D:4      | Found Edarug's Serpentskin Sales.
  4384 | D:4      | Noticed a water moccasin
  4397 | D:4      | Found a sparkling altar of Nemelex Xobeh.
  4401 | D:4      | Reached skill level 3 in Fighting
  4403 | D:4      | HP: 6/70 [water moccasin (4)]
  4406 | D:4      | HP: 2/70 [water moccasin (3)]
  4409 | D:4      | Killed a water moccasin
  4410 | D:4      | Reached skill level 4 in Fighting
  4547 | D:4      | HP: 3/49 [elf skeleton (7)]
  4550 | D:4      | Slain by an elf skeleton

Vanquished Creatures
  A water moccasin (D:4)
  Pargi (D:4)
  2 gnolls
  6 adders
  2 worms
  A dart slug (D:3)
  4 orcs (D:3)
  7 bats
  5 endoplasms
  4 giant cockroaches
  4 goblins
  9 hobgoblins
  7 jackals
  4 kobolds
  4 ball pythons
  2 frilled lizards (D:3)
  7 rats
70 creatures vanquished.

Vanquished Creatures (others)
  293 foxfires
293 creatures vanquished.

Grand Total: 363 creatures vanquished

Table legend: (Time is in decaauts)
 A = Elapsed time spent in this place.
 B = Non-inter-level travel time spent in this place.
 C = Inter-level travel time spent in this place.
 D = Time resting spent in this place.
 E = Time spent auto-exploring this place.
 F = Levels seen in this place.
 G = Mean time per level.
                   A        B        C        D        E       F      G
               +--------+--------+--------+--------+--------+-----+--------+
         Total |   4538 |   4388 |    150 |    375 |   3282 |   4 | 1134.5 |
       Dungeon |   4538 |   4388 |    150 |    375 |   3282 |   4 | 1134.5 |
               +--------+--------+--------+--------+--------+-----+--------+

Top non-repeatable levels by time:
     D:3: 1811 daAuts
     D:1: 1710 daAuts
     D:2: 718 daAuts
     D:4: 297 daAuts

Table legend:
 A = Non-vault XP
 B = Vault XP
 C = Vault XP percentage of total XP
 D = Non-vault monster count
 E = Vault monster count
 F = Vault count percentage of total count
                 A         B        C        D         E       F
            +---------+---------+-------+---------+---------+-------
      Total |     181 |     346 |  65.7 |      61 |       9 |  12.9
            +---------+---------+-------+---------+---------+-------
        D:1 |      41 |       8 |  16.3 |      17 |       4 |  19.0
        D:2 |      32 |       0 |   0.0 |      11 |       0 |   0.0
        D:3 |      95 |       0 |   0.0 |      28 |       0 |   0.0
        D:4 |      13 |     338 |  96.3 |       5 |       5 |  50.0
            +---------+---------+-------+---------+---------+-------
